 Dungeon Crawl Stone Soup version 0.30-a0-1074-g5db6f66fbb (webtiles) character file.

Game seed: 10240226670270531279

620 OrthodoxDeviant the Digger (level 7, -11/50 HPs)
             Began as a Ghoul Earth Elementalist on Apr 14, 2023.
             Mangled by a yak (12 damage)
             ... on level 4 of the Dungeon.
             The game lasted 00:16:32 (6558 turns).

OrthodoxDeviant the Digger (GhEE)                   Turns: 6558, Time: 00:16:33

Health: -11/50     AC:  7    Str: 12    XL:     7   Next: 46%
Magic:  10/10      EV: 12    Int: 18    God:
Gold:   534        SH:  0    Dex: 14    Spells: 6/12 levels left

rFire   . . .      SeeInvis .    y - +2 hand axe of the Purse {flame, rElec rPois Will++ rCorr}
rCold   + . .      Faith    .    (no shield)
rNeg    + + +      Spirit   .    a - +1 robe
rPois   ∞          Reflect  .    (no helmet)
rElec   +          Rampage  .    o - +2 cloak "Bazuud" {+Blink Dex+5}
rCorr   +                        (no gloves)
Will    ++...                    e - +0 pair of boots
Stlth   ++                       (no amulet)
HPRegen 0.00/turn                t - +6 ring of intelligence
MPRegen 0.12/turn                (no ring)

@: inhibited regen
A: claws 1, cold resistance 1, negative energy resistance 3, inhibited
regeneration, torment resistance 2, devour on kill
a: Evoke Blink


You were on level 4 of the Dungeon.
You visited 2 branches of the dungeon, and saw 6 of its levels.

You collected 534 gold pieces.

Inventory:

Hand Weapons
 y - the +2 hand axe of the Purse (weapon) {flame, rElec rPois Will++ rCorr}
   (You found it on level 5 of the Dungeon)

   rElec:     It insulates you from electricity.
   rPois:     It protects you from poison.
   rCorr:     It protects you from acid and corrosion.
   Will:      It greatly increases your willpower.
Missiles
 g - 55 stones (quivered)
 p - 2 silver boomerangs
Armour
 a - a +1 robe (worn)
 e - a +0 pair of boots (worn)
 o - the +2 cloak "Bazuud" (worn) {+Blink Dex+5}
   (You acquired it on level 2 of the Dungeon)

   Dex:       It affects your dexterity (+5).
   +Blink:    It lets you blink.
Jewellery
 s - a ring of fire
 t - a +6 ring of intelligence (left claw)
Wands
 u - a wand of polymorph (10)
Scrolls
 c - 2 scrolls of enchant armour
 h - a scroll of vulnerability
 i - 5 scrolls of identify
 k - a scroll of summoning
 n - 2 scrolls of teleportation
Potions
 b - 4 potions of magic
 d - a potion of heal wounds {unknown}
 f - 5 potions of curing {unknown}
 j - a potion of cancellation {unknown}
 l - 3 potions of flight {unknown}
 m - 2 potions of mutation {unknown}
 q - 2 potions of brilliance {unknown}
 r - 2 potions of attraction {unknown}
 v - a potion of degeneration {unknown}


   Skills:
 - Level 1.7 Dodging
 - Level 2.1 Stealth
 - Level 3.0 Spellcasting
 + Level 3.8 Conjurations
 - Level 0.8 Transmutations
 + Level 6.7 Earth Magic


You had 6 spell levels left.
You knew the following spells:

 Your Spells              Type           Power      Damage    Failure   Level
a - Sandblast             Erth           52%        2d12      1%          1
b - Passwall              Tmut/Erth      13%        N/A       5%          2
c - Stone Arrow           Conj/Erth      42%        3d9       5%          3

Your spell library contained the following spells:

 Spells                   Type           Power      Damage    Failure   Level
 Slow                     Hex            8%         N/A       16%         1
 Petrify                  Tmut/Erth      16%        N/A       34%         4
 Confusing Touch          Hex            2%         N/A       43%         3
 Tukima's Dance           Hex            2%         N/A       43%         3
 Vampiric Draining        Necr           2%         2d6       43%         3
 Passage of Golubria      Tloc           2%         N/A       85%         4
 Yara's Violent Unravell  Hex/Tmut       2%         3d3       98%         5


Dungeon Overview and Level Annotations

Branches:
Dungeon (5/15)             Temple (1/1) D:4

Altars:
Ashenzari
Fedhas
Hepliaklqana
Kikubaaqudgha
Nemelex Xobeh
Qazlal
Ru
Uskayaw
Wu Jian
Xom

Shops:
D:1 :

Annotations:
D:3 exclusion: downstairs
D:5 Dowan, Duvessa


Innate Abilities, Weirdness & Mutations

You are immune to poison.
You have sharp fingernails.
Your flesh is cold resistant. (rC+)
You are immune to negative energy. (rN+++)
You do not regenerate when monsters are visible.
You are immune to unholy pain and torment.
You thrive by killing the living.


Message History

Casting: Stone Arrow (dangerous; 6% risk of failure)
Confirm with . or Enter, or press ? or * to list all spells.
Aiming: Stone Arrow (dangerous; 6% risk of failure)
Press: ? - help, Shift-Dir - straight line, f/p - ogre
Aim: an ogre, wielding a +0 giant spiked club (almost dead, 86% to hit)
The stone arrow hits the ogre!!
You kill the ogre!
Unknown command.
You start resting.
Magic restored.
There is a stone staircase leading down here.
You climb downwards.
Level annotation: Dowan, Duvessa Duvessa shouts!
There is a stone staircase leading up here.
Duvessa hits you with a +0 short sword.
You climb upwards.
There is a stone staircase leading down here.
HP restored.
There is a stone staircase leading down here.
Unknown command.
You climb downwards.
Level annotation: Dowan, Duvessa The yak bellows! x3
The yak gores you. The yak closely misses you. The yak gores you! x2
There is a stone staircase leading up here.
The yak gores you but does no damage. The yak closely misses you.
The yak gores you!
* * * LOW HITPOINT WARNING * * *
You climb upwards.
There is a stone staircase leading down here.
As you read the scroll labelled CUFRONIDAR, it crumbles to dust.
You feel a surge of unholy energy.
The yak convulses! x3
It was a scroll of torment.
The yak gores you!
* * * LOW HITPOINT WARNING * * *
The yak barely misses you. The yak closely misses you.
As you read the scroll labelled BEROJEWOMM, it crumbles to dust.
You hear a loud clanging noise!
It was a scroll of noise.
The yak barely misses you. The yak gores you!
You die...

#.#..#.....#..#....##...# #..
#.#..'.....†..#....##...# #..
#.####'###'####....#....# #..
#..###..#..####.........# ##.
###...#.†#..##.......##### #.
##.....########.#.....# #.
#..##.....# #.#.....# #.
#........## #Y#.....#########.
#..###...## ###@#####.#.........
##.........###.YY##......##......
#................................
#.###..........###...............
#......................)...#.##..
....†..#.##.#...#............#...
###.####.##..#..............#....
....####.##....#.#...............
##...........###.#............###


You could see 3 yaks.

Vanquished Creatures
  A black bear (D:5)
  An ogre (D:4)
  A howler monkey (D:5)
  A jelly (D:5)
  A hound (D:4)
  3 iguanas
  2 sleepcaps
  12 adders
  2 worms (D:2)
  4 dart slugs
  9 orcs
  9 ball pythons
  6 endoplasms
  A giant cockroach (D:1)
  7 goblins
  3 hobgoblins
  2 jackals (D:2)
  7 kobolds
  7 quokkas
  6 bats
  6 frilled lizards
  6 rats
97 creatures vanquished.

Notes
Turn   | Place    | Note
-------+----------+-------------------------------------------
     0 | D:1      | OrthodoxDeviant the Ghoul Earth Elementalist began the
                  | quest for the Orb.
     0 | D:1      | Reached XP level 1. HP: 14/14 MP: 2/2
   341 | D:1      | Found Lara's Book Emporium.
   521 | D:1      | Reached XP level 2. HP: 20/20 MP: 0/4
   607 | D:1      | Found a faded altar of an unknown god.
  1019 | D:1      | Learned a level 2 spell: Passwall
  1283 | D:2      | Found a broken altar of Ashenzari.
  1309 | D:2      | Reached XP level 3. HP: 26/26 MP: 0/5
  1363 | D:2      | Learned a level 3 spell: Stone Arrow
  1421 | D:2      | Reached skill level 4 in Earth Magic
  2033 | D:2      | Identified 2 scrolls of acquirement
  2133 | D:2      | Acquired the +2 cloak "Bazuud" {+Blink Dex+5}
  2140 | D:2      | Acquired 352 gold pieces
  2610 | D:3      | Reached XP level 4. HP: 33/33 MP: 4/6
  3228 | D:3      | Reached skill level 1 in Conjurations
  4225 | D:3      | Reached XP level 5. HP: 30/38 MP: 0/8
  4541 | D:4      | Reached skill level 5 in Earth Magic
  4620 | D:4      | Found a staircase to the Ecumenical Temple.
  4637 | Temple   | Entered the Ecumenical Temple
  4712 | D:4      | Reached XP level 6. HP: 12/45 MP: 2/9
  5071 | D:4      | Found a shimmering altar of Xom.
  5199 | D:5      | Entered Level 5 of the Dungeon
  5417 | D:5      | Found a hazy altar of Hepliaklqana.
  5707 | D:5      | Found a stormy altar of Qazlal.
  5712 | D:5      | Noticed a yak
  5850 | D:5      | Noticed a yak
  5876 | D:5      | Noticed a black bear
  5886 | D:5      | Killed a black bear
  5887 | D:5      | Reached skill level 6 in Earth Magic
  5887 | D:5      | Reached XP level 7. HP: 50/50 MP: 6/10
  6043 | D:5      | Noticed Duvessa
  6043 | D:5      | Noticed Dowan
  6277 | D:5      | Identified the +2 hand axe of the Purse {flame, rElec rPois
                  | Will++ rCorr}
  6373 | D:5      | Noticed a yak
  6557 | D:4      | HP: 1/50 [yak (13)]
  6558 | D:4      | Mangled by a yak

Illustrated notes

Levels and vault maps discovered:
D:1:      dpeg_arrival_rooms_b, layout_basic, serial_shops, shop_fountains,
          hellmonk_ecumenical_altar_blasted, chequers_serial_rivers_large_b
D:2:      layout_loops_ring, basic_altar
D:3:      layout_basic, tso_metal_star, grunt_decor_resistance
D:4:      layout_rooms, xom_butterflies, minmay_temple_entry_slanted,
          minmay_misc_feat_columns, minmay_snake_closets
D:5:      layout_loops_ring, kennysheep_mini, mainiacjoe_overflow_24_doors,
          mainiacjoe_overflow_six_doors_small, lemuel_doored_altar,
          lemuel_crystal_altar, uniq_duvessa, uniq_grinder
Temple:   nicolae_temple_ecumenical_triangle

Skill      XL: |  1  2  3  4  5  6 |
---------------+-------------------+-----
Spellcasting   | 2 3 |  3.0
Earth Magic    | 4 5 6 |  6.7
Conjurations   | 1 2 3 |  3.8
Dodging        | |  1.7
Stealth        | |  2.1
Transmutations | |  0.8

Action                     |  1- 3 |  4- 6 |  7- 9 || total
---------------------------+-------+-------+-------++-------
  Melee: Unarmed           |     9 |     7 |       ||    16
   Cast: Sandblast         |    58 |   118 |       ||   176
         Stone Arrow       |       |     7 |    11 ||    18
    Use: Scroll            |     7 |       |     2 ||     9
         Potion            |       |     2 |       ||     2
 Armour: Robe              |    11 |    34 |     1 ||    46
  Dodge: Dodged            |    17 |    48 |     5 ||    70

Table legend: (Time is in decaauts)
 A = Elapsed time spent in this place.
 B = Non-inter-level travel time spent in this place.
 C = Inter-level travel time spent in this place.
 D = Time resting spent in this place.
 E = Time spent auto-exploring this place.
 F = Levels seen in this place.
 G = Mean time per level.
                   A        B        C        D        E       F      G
               +--------+--------+--------+--------+--------+-----+--------+
         Total |   6679 |   6116 |    563 |   1064 |   3677 |   6 | 1113.2 |
       Dungeon |   6636 |   6079 |    557 |   1064 |   3659 |   5 | 1327.2 |
        Temple |     42 |     36 |      6 |      0 |     18 |   1 |   42.0 |
               +--------+--------+--------+--------+--------+-----+--------+

Top non-repeatable levels by time:
     D:3: 1751 daAuts
     D:4: 1332 daAuts
     D:1: 1314 daAuts
     D:2: 1190 daAuts
     D:5: 1046 daAuts
  Temple: 42 daAuts
